 Dungeon Crawl Stone Soup version 0.30.1-9-gdf580d7c3d (webtiles) character file.

Game seed: 5927771734431314852

209 danielguo94 the Cudgeller (level 5, -2/33 HPs)
             Began as a Gargoyle Fighter on Oct 10, 2023.
             Slain by Menkaure (15 damage)
             ... on level 4 of the Dungeon.
             The game lasted 00:03:27 (2247 turns).

danielguo94 the Cudgeller (Gargoyle Fighter)        Turns: 2247, Time: 00:03:28

Health: -2/33      AC: 13    Str: 21    XL:     5   Next: 87%
Magic:  5/5        EV:  9    Int:  9    God:
Gold:   46         SH:  4    Dex:  9    Spells: 4/4 levels left

rFire   . . .        n - +2 whip (venom)
rCold   . . .        c - +0 buckler
rNeg    + . .        b - +0 scale mail
rPois   ∞            (no helmet)
rElec   +            (no cloak)
rCorr   .            q - +0 pair of gloves
SInv    .            h - +0 pair of boots
Will    .....        (no amulet) Stlth
                     (no ring)
HPRegen 0.25/turn    (no ring)
MPRegen 0.09/turn

%: no passive effects
@: no status effects
A: sickness immunity, AC +4, negative energy resistance 1, electricity
resistance, torment resistance 1, petrification resistance
a: no special abilities


You were on level 4 of the Dungeon.
You visited 1 branch of the dungeon, and saw 4 of its levels.

You collected 166 gold pieces.
You spent 120 gold pieces at shops.

Inventory:

Hand Weapons
 a - a +0 flail
 n - a +2 whip of venom (weapon)
Missiles
 f - 4 boomerangs (quivered)
Armour
 b - a +0 scale mail (worn)
 c - a +0 buckler (worn)
 h - a +0 pair of boots (worn)
 q - a +0 pair of gloves (worn)
Wands
 k - a wand of charming (5)
Scrolls
 e - a scroll of immolation {unknown}
 g - a scroll of magic mapping {unknown}
 i - 2 scrolls of teleportation
Potions
 d - a potion of might
 j - 2 potions of haste {unknown}
 l - a potion of brilliance {unknown}
 m - 2 potions of berserk rage
 o - a potion of flight {unknown}
 r - 2 potions of mutation
 s - a potion of heal wounds
 t - 2 potions of lignification


   Skills:
 + Level 3.8 Fighting
 * Level 4.6 Maces & Flails
 + Level 4.1 Armour
 + Level 0.5 Dodging
 + Level 3.7 Shields


You had 4 spell levels left.
You didn't know any spells.
Your spell library contained the following spells:

 Spells                   Type           Power      Damage    Failure   Level
 Beastly Appendage        Tmut           0%         N/A       78%         1
 Magic Dart               Conj           0%         1d3       78%         1
 Searing Ray              Conj           0%         2d4       89%         2
 Wereblood                Tmut           0%         N/A       89%         2
 Spider Form              Tmut/Pois      0%         N/A       98%         3
 Fulminant Prism          Conj/Hex       0%         3d5       100%        4


Dungeon Overview and Level Annotations

Branches:
Dungeon (4/15)
 Temple: D:4-7

Altars:
Elyvilon

Shops:
D:3 ![

Annotations:
D:4 1 transporter, Menkaure


Innate Abilities, Weirdness & Mutations

You are immune to sickness and miasma.
Your stone body is resilient. (AC +4)
You are immune to poison.
You resist negative energy. (rN+)
You are resistant to electric shocks. (rElec)
You are resistant to unholy torment.
You are immune to petrification.


Message History

There is a stone staircase leading up here.
You climb upwards.
There is a stone staircase leading down here.
You start resting.
HP restored.
You climb downwards.
Level annotation: 1 transporter, Menkaure
There is a stone staircase leading up here.
Okay, then.
Unknown command.
Menkaure shouts, "Why can't you leave me to my rest?"
Menkaure hits you.
You whack Menkaure!
Menkaure is moderately damaged.
Menkaure hits you!
You hit Menkaure.
Menkaure is heavily damaged.
Menkaure casts a spell at you. Pain shoots through your body!
You barely miss Menkaure.
Menkaure is heavily damaged.
Menkaure closely misses you. Menkaure hits you.
You are too injured to fight recklessly!
You are too injured to fight recklessly!
You are too injured to fight recklessly!
You hit Menkaure.
Menkaure is severely damaged.
Menkaure misses you.
You hit Menkaure.
Menkaure is almost destroyed.
Menkaure hits you.
You feel better.
Menkaure calls on the powers of darkness!
Your body is wracked with pain!
You hit Menkaure but do no damage.
Menkaure is almost destroyed.
Menkaure hits you!
* * * LOW HITPOINT WARNING * * *
You feel better. Menkaure hits you!
You die...

..## #.# #.......#
##########.## #.#####.#
#...........#########.#####.#
#.#########......M..........#
....M.....#.#########.#######
######.##+#.# #M#
....##.M..M.# #.#
###.##......#########.#
#......#<..@M....#
#.####.########### #.# #.#
#.# #.# #.# #.# #.# .#


You could see Menkaure (fast).

Vanquished Creatures
  A scorpion (D:3)
  An orc wizard (D:3)
  4 adders
  2 worms
  A dart slug (D:2)
  5 orcs
  A ball python (D:1)
  6 bats
  7 endoplasms
  6 giant cockroaches
  6 goblins
  6 hobgoblins
  2 jackals (D:4)
  4 quokkas
  10 frilled lizards
  7 kobolds
  8 rats
77 creatures vanquished.

Notes
Turn   | Place    | Note
-------+----------+-------------------------------------------
     0 | D:1      | danielguo94 the Gargoyle Fighter began the quest for the
                  | Orb.
     0 | D:1      | Reached XP level 1. HP: 14/14 MP: 1/1
   127 | D:1      | Reached XP level 2. HP: 13/19 MP: 2/2
   335 | D:1      | Reached XP level 3. HP: 22/23 MP: 3/3
   804 | D:2      | Reached XP level 4. HP: 18/29 MP: 4/4
  1321 | D:3      | Found Tol Peji's Armour Shop.
  1346 | D:3      | Reached XP level 5. HP: 26/33 MP: 5/5
  1684 | D:3      | Found a white marble altar of Elyvilon.
  1988 | D:3      | Found Fiasueq's Distillery.
  1993 | D:3      | Bought a potion of degeneration for 10 gold pieces
  1994 | D:3      | Bought a potion of heal wounds for 50 gold pieces
  1994 | D:3      | Bought 2 potions of lignification for 60 gold pieces
  2173 | D:4      | Found a transporter.
  2175 | D:4      | Noticed Menkaure
  2247 | D:4      | Slain by Menkaure

Illustrated notes

Levels and vault maps discovered:
D:1:      dpeg_arrival_boxes_within_box, layout_rooms, skrybe_limestone_x
D:2:      layout_basic, serial_forest, infiniplex_forest_clump_large,
          infiniplex_forest_straight_2, infiniplex_forest_clump_long,
          infiniplex_forest_lined_3
D:3:      layout_basic, lemuel_round_altar, serial_shops,
          nicolae_shop_tiny_real_fake_doors, nicolae_shop_real_fake_doors,
          minmay_misc_feat_cross, chequers_serial_rivers_micro_e
D:4:      layout_basic, gammafunk_ghost_stat_death, eino_tiny_chamber,
          dk_noncrumbling_4, minmay_parallelograms, kennysheep_orc_chapel,
          uniq_menkaure

Skill      XL: |  1  2  3  4  5 |
---------------+----------------+-----
Maces & Flails | 3 4 |  4.6
Armour         | 4 |  4.1
Fighting       | |  3.8
Dodging        | |  0.5
Shields        | |  3.7

Action                     |  1- 3 |  4- 6 || total
---------------------------+-------+-------++-------
  Melee: Flail             |   151 |     7 ||   158
         Whip              |       |   142 ||   142
    Use: Scroll            |       |     4 ||     4
         Potion            |       |     2 ||     2
 Armour: Scale mail        |    76 |    71 ||   147
  Dodge: Dodged            |    85 |    59 ||   144
  Block: Buckler           |    31 |    21 ||    52
